 Dungeon Crawl Stone Soup version 0.31-a0-1616-gbeaec30b81 (webtiles) character file.

Game seed: 17736843853815496507

410 CougarLife the Shield-Bearer (level 6, -1/53 HPs)
             Began as a Gnoll Fighter on Jan 10, 2024.
             Slain by Duvessa
             ... wielding a +4 rapier of speed
              (7 damage)
             ... on level 4 of the Dungeon.
             The game lasted 00:03:44 (2202 turns).

CougarLife the Shield-Bearer (Gnoll Fighter)        Turns: 2202, Time: 00:03:45

Health: -1/53      AC:  9    Str: 16    XL:     6   Next: 89%
Magic:  9/9        EV:  9    Int:  9    God:
Gold:   149        SH:  5    Dex: 11    Spells: 9/9 levels left

rFire   . . .        a - +0 war axe
rCold   + . .        c - +0 buckler
rNeg    . . .        b - +0 scale mail
rPois   .            (no helmet)
rElec   .            l - +0 cloak
rCorr   .            (no gloves)
SInv    .            (no boots)
Will    .....        (no amulet) Stlth
                     i - ring of protection from cold
HPRegen 0.28/turn    (no ring)
MPRegen 0.11/turn

%: no passive effects
@: mighty
A: fangs 1, strong nose, distributed training
a: no special abilities


You were on level 4 of the Dungeon.
You visited 1 branch of the dungeon, and saw 4 of its levels.

You collected 149 gold pieces.

Inventory:

Hand Weapons
 a - a +0 war axe (weapon)
Missiles
 r - 4 silver javelins (quivered)
Armour
 b - a +0 scale mail (worn)
 c - a +0 buckler (worn)
 l - a +0 cloak (worn)
Jewellery
 i - a ring of protection from cold (left hand)
Scrolls
 f - 6 scrolls of enchant weapon {unknown}
 g - 3 scrolls of identify {unknown}
 j - 2 scrolls of poison {unknown}
 k - a scroll of fear {unknown}
 m - 2 scrolls of vulnerability {unknown}
 o - 2 scrolls of noise {unknown}
 p - a scroll of fog {unknown}
 q - 3 scrolls of revelation {unknown}
Potions
 e - 3 potions of heal wounds {unknown}
 h - 3 potions of attraction {unknown}
 n - a potion of degeneration {unknown}
 s - a potion of curing {unknown}


   Skills:
 + Level 6.9 Fighting
 + Level 2.2 Short Blades
 + Level 2.2 Long Blades
 + Level 5.1 Axes
 + Level 2.2 Maces & Flails
 + Level 2.2 Polearms
 + Level 2.2 Staves
 + Level 2.2 Ranged Weapons
 + Level 2.2 Throwing
 + Level 6.9 Armour
 + Level 2.2 Dodging
 + Level 2.2 Stealth
 + Level 6.9 Shields
 + Level 2.2 Unarmed Combat
 + Level 2.2 Spellcasting
 + Level 1.8 Conjurations
 + Level 1.8 Hexes
 + Level 1.8 Summonings
 + Level 1.8 Necromancy
 + Level 1.8 Translocations
 + Level 1.8 Fire Magic
 + Level 1.8 Ice Magic
 + Level 1.8 Air Magic
 + Level 1.8 Earth Magic
 + Level 1.8 Alchemy
 + Level 2.5 Invocations
 + Level 2.2 Evocations
 + Level 2.0 Shapeshifting


You had 9 spell levels left.
You didn't know any spells.
Your spell library contained the following spells:

 Spells                   Type           Power      Damage    Failure   Level
 Hailstorm                Conj/Ice       4%         3d5       88%         3
 Summon Ice Beast         Ice/Summ       4%         N/A       88%         3
 Sculpt Simulacrum        Ice/Alch       2%         N/A       100%        6


Dungeon Overview and Level Annotations

Branches:
Dungeon (4/15)
 Temple: D:4-7

Altars:
Ru

Annotations:
D:4 Dowan, Duvessa


Innate Abilities, Weirdness & Mutations

You have very sharp teeth.
Your uncanny sense of smell can sniff out nearby items.
Your experience applies equally to all skills.


Message History

You slash the endoplasm!
You kill the endoplasm!
No target in view!
Found a robe.
No target in view!
Duvessa, Sister of Dowan comes into view.
She is wielding a +4 rapier of speed.
Duvessa is nearby!
Found 11 gold pieces.
Duvessa hits you with a +4 rapier of speed!
You see here a scroll labelled MEUBLIAMEI.
Dowan, Brother of Duvessa comes into view.
He is wielding a +0 dagger.
Dowan shouts!
Duvessa barely misses you. x2
You barely miss Duvessa. You block Duvessa's attack.
Duvessa hits you with a +4 rapier of speed.
You block Duvessa's attack.
Duvessa hits you with a +4 rapier of speed.
You see here a scroll labelled MEUBLIAMEI.
Duvessa attacks as she pursues you! You block Duvessa's attack.
Dowan casts a spell at Duvessa.
Duvessa seems to speed up.
Duvessa attacks as she pursues you!
Duvessa hits you with a +4 rapier of speed!
You feel very mighty all of a sudden.
Duvessa hits you with a +4 rapier of speed!
* * * LOW HITPOINT WARNING * * *
Duvessa hits you with a +4 rapier of speed!
* * * LOW HITPOINT WARNING * * *
You slash Duvessa! You bite Duvessa!
Duvessa is heavily wounded.
Duvessa barely misses you.
Duvessa hits you with a +4 rapier of speed.
* * * LOW HITPOINT WARNING * * *
You barely miss Duvessa.
Duvessa is heavily wounded.
You block Duvessa's attack. x2; Duvessa barely misses you.
You hit Duvessa but do no damage.
Duvessa is heavily wounded.
You block Duvessa's attack. Duvessa barely misses you.
Duvessa hits you with a +4 rapier of speed!
You die...

#...#.†)#.######.....##
#...# #.......###
####### ##..# ###._.###
#..## #....†..### #..#
#...#...#.# #..#
#...#...#.# ##.##
+#######'.## ######
#..###
#.....#####....##
#....#
.....####...@ee[...#
##.... .....#
#########...# ##.##
##..# #.$# ### ### #..#
#..# ..# ##


You could see Duvessa (fast) and Dowan.

Vanquished Creatures
  Menkaure (D:4)
  2 scorpions (D:4)
  An iguana (D:4)
  An orc wizard (D:4)
  2 adders
  3 dart slugs
  3 ribbon worms
  3 orcs (D:4)
  7 ball pythons
  8 bats
  3 endoplasms
  10 giant cockroaches
  3 goblins
  9 hobgoblins
  6 jackals (D:1)
  11 kobolds
  2 quokkas (D:1)
  2 frilled lizards
  6 rats
83 creatures vanquished.

Notes
Turn   | Place    | Note
-------+----------+-------------------------------------------
     0 | D:1      | CougarLife the Gnoll Fighter began the quest for the Orb.
     0 | D:1      | Reached XP level 1. HP: 23/23 MP: 1/1
    55 | D:1      | You fall into a shaft and drop 1 floor!
   125 | D:2      | Reached XP level 2. HP: 29/29 MP: 2/2
   307 | D:1      | Reached XP level 3. HP: 30/35 MP: 3/3
   352 | D:1      | Reached skill level 1 in Invocations
   465 | D:1      | Reached skill level 1 in Short Blades
   465 | D:1      | Reached skill level 1 in Long Blades
   465 | D:1      | Reached skill level 1 in Maces & Flails
   465 | D:1      | Reached skill level 1 in Polearms
   465 | D:1      | Reached skill level 1 in Staves
   465 | D:1      | Reached skill level 1 in Ranged Weapons
   465 | D:1      | Reached skill level 1 in Throwing
   465 | D:1      | Reached skill level 1 in Dodging
   465 | D:1      | Reached skill level 1 in Stealth
   465 | D:1      | Reached skill level 1 in Unarmed Combat
   465 | D:1      | Reached skill level 1 in Spellcasting
   465 | D:1      | Reached skill level 1 in Evocations
   789 | D:2      | Reached skill level 1 in Shapeshifting
   789 | D:2      | Reached XP level 4. HP: 36/41 MP: 5/5
  1195 | D:3      | Reached skill level 1 in Conjurations
  1195 | D:3      | Reached skill level 1 in Hexes
  1195 | D:3      | Reached skill level 1 in Summonings
  1195 | D:3      | Reached skill level 1 in Necromancy
  1195 | D:3      | Reached skill level 1 in Translocations
  1195 | D:3      | Reached skill level 1 in Fire Magic
  1195 | D:3      | Reached skill level 1 in Ice Magic
  1195 | D:3      | Reached skill level 1 in Air Magic
  1195 | D:3      | Reached skill level 1 in Earth Magic
  1195 | D:3      | Reached skill level 1 in Alchemy
  1789 | D:4      | Noticed a scorpion
  1792 | D:4      | Killed a scorpion
  1793 | D:4      | Reached XP level 5. HP: 47/47 MP: 5/7
  1916 | D:4      | Reached XP level 6. HP: 53/53 MP: 8/8
  1932 | D:4      | Noticed Menkaure
  1952 | D:4      | Reached skill level 5 in Axes
  1952 | D:4      | Killed Menkaure
  2161 | D:4      | Found a sacrificial altar of Ru.
  2190 | D:4      | Noticed Duvessa
  2194 | D:4      | Noticed Dowan
  2202 | D:4      | Slain by Duvessa

Illustrated notes

Levels and vault maps discovered:
D:1:      spicycebolla_arrival_xxxplode, layout_rooms
D:2:      layout_basic, kennysheep_generic_room_6
D:3:      layout_rooms, moated_statue, chequers_serial_rivers_micro_d,
          amethyst_killhole
D:4:      layout_layer_cave, nicolae_ru_great_annihilating_truth, uniq_duvessa,
          uniq_menkaure

Skill      XL: |  1  2  3  4  5  6 |
---------------+-------------------+-----
Invocations    | 1 2 |  2.5
Short Blades   | 1 2 |  2.2
Long Blades    | 1 2 |  2.2
Maces & Flails | 1 2 |  2.2
Polearms       | 1 2 |  2.2
Staves         | 1 2 |  2.2
Ranged Weapons | 1 2 |  2.2
Throwing       | 1 2 |  2.2
Dodging        | 1 2 |  2.2
Stealth        | 1 2 |  2.2
Unarmed Combat | 1 2 |  2.2
Spellcasting   | 1 2 |  2.2
Evocations     | 1 2 |  2.2
Shapeshifting  | 1 2 |  2.0
Conjurations   | 1 |  1.8
Hexes          | 1 |  1.8
Summonings     | 1 |  1.8
Necromancy     | 1 |  1.8
Translocations | 1 |  1.8
Fire Magic     | 1 |  1.8
Ice Magic      | 1 |  1.8
Air Magic      | 1 |  1.8
Earth Magic    | 1 |  1.8
Alchemy        | 1 |  1.8
Axes           | 5 |  5.1
Fighting       | |  6.9
Armour         | |  6.9
Shields        | |  6.9

Action                     |  1- 3 |  4- 6 || total
---------------------------+-------+-------++-------
  Melee: War axe           |   123 |   103 ||   226
         Bite              |    15 |    14 ||    29
  Throw: Javelin           |       |     3 ||     3
    Use: Potion            |       |     1 ||     1
   Stab: Paralysed         |       |     3 ||     3
 Armour: Scale mail        |   122 |    52 ||   174
  Dodge: Dodged            |    67 |    39 ||   106
  Block: Buckler           |    43 |    29 ||    72

Table legend: (Time is in decaauts)
 A = Elapsed time spent in this place.
 B = Non-inter-level travel time spent in this place.
 C = Inter-level travel time spent in this place.
 D = Time resting spent in this place.
 E = Time spent auto-exploring this place.
 F = Levels seen in this place.
 G = Mean time per level.
                   A        B        C        D        E       F      G
               +--------+--------+--------+--------+--------+-----+--------+
         Total |   2271 |   2192 |     79 |     94 |   1512 |   4 |  567.8 |
       Dungeon |   2271 |   2192 |     79 |     94 |   1512 |   4 |  567.8 |
               +--------+--------+--------+--------+--------+-----+--------+

Top non-repeatable levels by time:
     D:2: 638 daAuts
     D:3: 597 daAuts
     D:4: 539 daAuts
     D:1: 495 daAuts
